 Dungeon Crawl Stone Soup version 0.32-a0-815-g315f82d515 (webtiles) character file.

Game seed: 8916496866737271758

19589 Nvm9 the Fighter (level 12, -7/99 HPs)
             Began as a Demonspawn Fighter on Mar 23, 2024.
             Was a High Priest of Qazlal.
             Mangled by an orc warlord
             ... wielding a +2 great mace of holy wrath
              (43 damage)
             ... on level 1 of the Orcish Mines.
             The game lasted 00:31:13 (12149 turns).

Nvm9 the Fighter (Demonspawn Fighter)              Turns: 12149, Time: 00:31:13

Health: -7/99      AC: 30    Str: 22    XL:     12   Next: 37%
Magic:  10/10      EV:  6    Int: 15    God:    Qazlal [*****.]
Gold:   1274       SH:  6    Dex: 12    Spells: 11/11 levels left

rFire   + . .        q - +4 executioner's axe "Hellblazer" {freeze, rC+}
rCold   + + .        (shield currently unavailable)
rNeg    + . .        O - +2 plate armour {rN+}
rPois   .            m - +1 helmet
rElec   .            (no cloak)
rCorr   .            Q - +2 pair of gloves of Izeontorgh {rF+ rC+}
SInv    .            k - +1 pair of boots
Will    .....        (no amulet) Stlth
                     h - +6 ring of intelligence
HPRegen 0.36/turn    (no ring)
MPRegen 0.12/turn

%: repel missiles
@: protected from physical damage
A: thin metallic scales 2, foul stench 2, powered by death 2, augmentation 1,
weakness stinger 2, low MP 1, screaming 1, wild magic 1
a: Renounce Religion, Upheaval, Elemental Force, Disaster Area


You were on level 1 of the Orcish Mines.
You worshipped Qazlal.
Qazlal was extremely pleased with you.
You visited 3 branches of the dungeon, and saw 14 of its levels.
You also visited: Ossuary and Bailey.

You collected 1274 gold pieces.

Inventory:

Hand Weapons
 a - a +0 war axe of flaming
 e - a +0 whip of freezing
 p - a +1 dagger of distortion
 q - the +4 executioner's axe "Hellblazer" (weapon) {freeze, rC+}
   (You found it on level 4 of the Dungeon)

   rC+:       It protects you from cold.
 r - a +2 flail of holy wrath
 s - a +1 quarterstaff of draining
 v - a +0 orcbow
 z - a +0 shortbow of draining
 D - a +2 spectral quarterstaff
 J - a +0 broad axe
 L - a +2 trident of distortion
 M - a +0 dagger of venom
 N - a +2 dagger of draining
 P - a +0 arbalest
 V - a +2 broad axe of electrocution
Missiles
 l - 39 poisoned darts (quivered)
 w - 3 atropa-tipped darts
Armour
 c - a +0 buckler
 k - a +1 pair of boots (worn)
 m - a +1 helmet (worn)
 F - a +1 chain mail of cold resistance
 I - the +3 ring mail "Giefu" {Dex+3 SInv Stlth-}
   (You found it in a bailey)

   Dex+3:     It affects your dexterity (+3).
   SInv:      It lets you see invisible.
   Stlth-:    It makes you less stealthy.
 K - a +0 helmet
 O - a +2 plate armour of positive energy (worn)
 Q - the +2 pair of gloves of Izeontorgh (worn) {rF+ rC+}
   (You acquired it on level 10 of the Dungeon)

   rF+:       It protects you from fire.
   rC+:       It protects you from cold.
Magical Staves
 t - a staff of conjuration
 G - a staff of death
Jewellery
 h - a +6 ring of intelligence (left hand)
 B - a ring of poison resistance
 H - a +6 ring of dexterity
Wands
 u - a wand of flame (21)
 x - a wand of mindburst (15)
 A - a wand of digging (6)
 E - a wand of warping (3)
 T - a wand of polymorph (4)
Scrolls
 f - 8 scrolls of identify
 g - a scroll of vulnerability
 y - a scroll of fog
 C - a scroll of poison
 S - a scroll of amnesia
 U - a scroll of fear
Potions
 b - 2 potions of curing
 d - 3 potions of might
 i - a potion of lignification
 j - 2 potions of cancellation
 n - 3 potions of brilliance
 o - 2 potions of haste


   Skills:
 * Level 10.9 Fighting
 * Level 9.8 Axes
 * Level 10.0 Armour
 * Level 10.0 Shields


You had 11 spell levels left.
You didn't know any spells.
Your spell library contained the following spells:

 Spells                   Type           Power      Damage    Failure   Level
 Kiss of Death            Conj/Necr      0%         2d5       99%         1
 Jinxbite                 Hex            0%         N/A       100%        2
 Lesser Beckoning         Tloc           0%         N/A       100%        2
 Confusing Touch          Hex            0%         N/A       100%        3
 Dazzling Flash           Conj/Hex       0%         N/A       100%        3
 Gell's Gravitas          Tloc           0%         N/A       100%        3
 Mephitic Cloud           Conj/Alch/Air  0%         N/A       100%        3
 Teleport Other           Tloc           0%         N/A       100%        3
 Volatile Blastmotes      Fire/Tloc      0%         2d10      100%        3
 Dispel Undead            Necr           0%         3d6       100%        4
 Fulminant Prism          Conj/Alch      0%         3d5       100%        4
 Iskenderun's Mystic Bla  Conj/Tloc      0%         2d3       100%        4
 Manifold Assault         Tloc           0%         N/A       100%        4
 Curse of Agony           Necr           0%         N/A       100%        5
 Silence                  Hex/Air        0%         N/A       100%        5
 Yara's Violent Unravell  Hex/Alch       0%         3d3       100%        5
 Conjure Ball Lightning   Conj/Air       0%         3x3d6     100%        6
 Dispersal                Tloc           0%         N/A       100%        6
 Enfeeble                 Hex            0%         N/A       100%        7
 Discord                  Hex            0%         N/A       100%        8
 Disjunction              Tloc           0%         N/A       100%        8


Dungeon Overview and Level Annotations

Branches:
Dungeon (11/15)            Temple (1/1) D:5             Orc (2/2) D:10
Ossuary (visited)          Bailey (visited)
   Lair: D:8-11         Elf: Orc:2

Altars:
Ashenzari
Cheibriados
Dithmenos
Fedhas
Gozag
Hepliaklqana
Kikubaaqudgha
Makhleb
Nemelex Xobeh
Okawaru
Qazlal
Ru
Sif Muna
Trog
Uskayaw
Vehumet
Wu Jian
Xom
Yredelemnul
Beogh

Shops:
D:6 :


Innate Abilities, Weirdness & Mutations

You are mostly covered in thin metallic scales. (AC +3)
You sometimes emit foul miasma when damaged in melee.
You regenerate health from kills.
Your magical and physical power is slightly enhanced at high health.
You have a tail ending in a sharp stinger.
Your magical capacity is low. (-10% MP)
You occasionally shout uncontrollably at your foes.
Your spells are a little harder to cast, but a little more powerful.


Message History

The orc warlord shoots a bolt.
The bolt is repelled.
An orc comes into view. It is wielding a +0 trident.
Unknown command.
Activating: Disaster Area (82% risk of failure)
Press: ? - help, Dir - look around, f - activate You fail to use your ability.
The orc knight shoots a bolt.
The bolt is repelled.
An orc priest comes into view. It is wielding a +0 hand axe.
You hear a shout!
Activating: Disaster Area (82% risk of failure)
Press: ? - help, Dir - look around, f - activate You fail to use your ability.
You hear a shout! x2
The orc knight shoots a bolt.
The bolt is repelled.
An orc comes into view. It is wielding a +0 club.
Unknown command.
Activating: Disaster Area (82% risk of failure)
Press: ? - help, Dir - look around, f - activate You fail to use your ability.
An orc priest comes into view. It is wielding a +0 dagger.
You yell at the orc priest!
An orc comes into view. It is wielding a +0 flail.
The orc shouts!
You hear a shout!
Unknown command.
The orc warlord is engulfed in freezing vapours.
The orc priest looks encouraged for a moment.
You climb upwards.
There is a stone staircase leading down, spattered with blood here.
Unknown command.
You barely miss the orc warlord.
Your tail-slap misses the orc warlord.
The orc warlord is lightly wounded.
The orc warlord unwields a +0 arbalest.
The orc warlord wields a +2 great mace of holy wrath.
It softly glows with a divine radiance!
The orc warlord hits you with a +2 great mace of holy wrath!
You feel protected from physical attacks.
You convulse.
The orc warlord hits you with a +2 great mace of holy wrath!!!
You convulse!!!
You die...

###.......................#####
#.........................##.##
#....#......#.................#
##.....................#......#
##.##.#..............#.###....##
#.....................####..###
##.#..#......☼○..○....###...#
##.#...........)o§.....#....##
#.....##......☼§@§.........#.##
##.#.#.........[.).._.........#
#...#.........................#
#.......#..............#..##.##
##.##.....................####
######..............#....##.##
#...#..#.####.##........#
##.##...####...##...##.##
#####....#.#..##...####


You could see an orc warlord (strong).

Vanquished Creatures
  Josephine (Orc:1)
  4 two-headed ogres
  3 orc knights
  A deep elf pyromancer (Bailey)
  2 orc sorcerers
  A kobold blastminer (Orc:1)
  Joseph (D:7)
  2 unseen horror zombies (D:9)
  3 trolls
  2 hornets
  4 wraiths
  4 wyverns
  13 yaks
  2 steam dragons
  4 wargs (Orc:1)
  An acid dragon (D:9)
  A water moccasin (D:7)
  5 black bears
  20 orc warriors
  An ice beast (D:8)
  4 sky beasts
  7 ogres
  5 centaurs
  3 elf zombies (Ossuary)
  3 kobold brigands
  5 bullfrogs
  3 scorpions
  8 wights (D:8)
  5 killer bees
  6 howler monkeys
  10 electric eels
  2 bombardier beetles
  A centaur zombie (Ossuary)
  2 human zombies (Ossuary)
  11 orc priests
  6 hounds
  2 jellies
  A gnoll bouda (D:6)
  2 sleepcaps
  23 orc wizards
  Natasha (twice) (D:4)
  3 iguanas
  4 hound zombies (Ossuary)
  2 mummies (Ossuary)
  8 gnolls (D:6)
  9 adders
  3 shadow imps
  3 white imps
  6 adder zombies (Ossuary)
  7 dart slugs
  A ribbon worm (D:3)
  61 orcs
  9 endoplasms
  4 giant cockroaches
  5 gnoll zombies (Ossuary)
  10 goblins
  4 hobgoblins
  8 jackals
  A quokka (D:1)
  4 ball pythons
  6 bats
  3 frilled lizards
  5 jackal zombies (Ossuary)
  24 kobolds
  5 kobold zombies (Ossuary)
  6 orc zombies (Ossuary)
  5 rats
  A spectral weapon (D:7)
393 creatures vanquished.

Vanquished Creatures (others)
  An orc wizard (Orc:1)
  2 orcs
3 creatures vanquished.

Grand Total: 396 creatures vanquished

Notes
Turn   | Place    | Note
-------+----------+-------------------------------------------
     0 | D:1      | Nvm9 the Demonspawn Fighter began the quest for the Orb.
     0 | D:1      | Reached XP level 1. HP: 18/18 MP: 1/1
   138 | D:1      | Gained mutation: You may rarely emit foul miasma when
                  | damaged in melee. [demonic ancestry]
   138 | D:1      | Reached XP level 2. HP: 24/24 MP: 2/2
   321 | D:1      | Gained mutation: Your magical capacity is low. (-10% MP)
                  | [potion of mutation]
   321 | D:1      | Gained mutation: You occasionally shout uncontrollably at
                  | your foes. [potion of mutation]
   321 | D:1      | Gained mutation: Your spells are a little harder to cast,
                  | but a little more powerful. [potion of mutation]
   726 | D:2      | Reached XP level 3. HP: 29/29 MP: 2/2
   877 | D:2      | Found a faded altar of an unknown god.
  1243 | D:3      | Gained mutation: You regenerate a little health from kills.
                  | [demonic ancestry]
  1243 | D:3      | Reached XP level 4. HP: 36/36 MP: 3/3
  1497 | D:3      | Noticed an ogre
  1507 | D:3      | Killed an ogre
  1508 | D:3      | Gained mutation: You have a small tail. [demonic ancestry]
  1508 | D:3      | Reached XP level 5. HP: 35/42 MP: 4/4
  1746 | D:4      | Gained mutation: You regenerate health from kills. [demonic
                  | ancestry]
  1746 | D:4      | Reached XP level 6. HP: 48/49 MP: 5/5
  1784 | D:4      | Found a hazy altar of Hepliaklqana.
  1900 | D:4      | Gained mutation: You sometimes emit foul miasma when
                  | damaged in melee. [demonic ancestry]
  1900 | D:4      | Reached XP level 7. HP: 50/55 MP: 6/6
  1915 | D:4      | Found a sand-covered staircase.
  1919 | Ossuary  | Entered an ossuary
  2059 | Ossuary  | Reached skill level 5 in Fighting
  2310 | D:4      | Identified the +4 executioner's axe "Hellblazer" {freeze,
                  | rC+}
  2450 | D:4      | Reached skill level 5 in Armour
  2639 | D:4      | Reached skill level 5 in Shields
  2639 | D:4      | Gained mutation: You are partially covered in thin metallic
                  | scales. (AC +2) [demonic ancestry]
  2639 | D:4      | Reached XP level 8. HP: 63/63 MP: 7/7
  2641 | D:4      | Noticed Natasha
  2646 | D:4      | Killed Natasha
  2734 | D:4      | Noticed Natasha
  2740 | D:4      | Killed Natasha
  2819 | D:5      | Entered Level 5 of the Dungeon
  2832 | D:5      | Found a staircase to the Ecumenical Temple.
  2847 | Temple   | Entered the Ecumenical Temple
  2869 | Temple   | Became a worshipper of Qazlal Stormbringer
  2899 | D:5      | Reached skill level 5 in Axes
  3448 | D:6      | Found Gatuamm's Book Shop.
  3504 | D:6      | Reached XP level 9. HP: 50/71 MP: 8/8
  3652 | D:6      | Reached * piety under Qazlal
  3780 | D:6      | Found a hide-covered altar of Uskayaw.
  3888 | D:6      | Found a blossoming altar of Fedhas.
  3891 | D:6      | Found a snail-covered altar of Cheibriados.
  3896 | D:6      | Found a radiant altar of Vehumet.
  4454 | D:7      | Noticed Joseph
  4460 | D:7      | Killed Joseph
  4461 | D:7      | Gained mutation: You are mostly covered in thin metallic
                  | scales. (AC +3) [demonic ancestry]
  4461 | D:7      | Reached XP level 10. HP: 75/80 MP: 9/9
  4545 | D:7      | Found a broken altar of Ashenzari.
  4552 | D:7      | Reached ** piety under Qazlal
  4631 | D:7      | Found a flagged portal.
  4642 | Bailey   | Entered a bailey
  5051 | Bailey   | Found a large runed translucent door.
  5051 | Bailey   | Found a large runed translucent door.
  5052 | Bailey   | Noticed a deep elf pyromancer
  5054 | Bailey   | Noticed an orc knight
  5073 | Bailey   | Killed an orc knight
  5124 | Bailey   | Killed a deep elf pyromancer
  5146 | Bailey   | Identified the +3 ring mail "Giefu" {Dex+3 SInv Stlth-}
  6979 | D:8      | Noticed a two-headed ogre
  6982 | D:8      | Killed a two-headed ogre
  7195 | D:8      | Found a shadowy altar of Dithmenos.
  7222 | D:8      | Noticed a two-headed ogre
  7236 | D:8      | Killed a two-headed ogre
  7238 | D:8      | Gained mutation: Your magical and physical power is
                  | slightly enhanced at high health. [demonic ancestry]
  7238 | D:8      | Reached XP level 11. HP: 89/89 MP: 9/9
  7300 | D:8      | Reached *** piety under Qazlal
  7448 | D:8      | Noticed a two-headed ogre
  7454 | D:8      | Killed a two-headed ogre
  7842 | D:8      | Found a bloodstained altar of Trog.
  8285 | D:9      | Reached **** piety under Qazlal
  8673 | D:9      | You fall into a shaft and drop 2 floors!
  8691 | D:11     | Reached skill level 10 in Fighting
  8779 | D:10     | Entered Level 10 of the Dungeon
  8844 | D:10     | Noticed a two-headed ogre
  8929 | D:10     | Killed a two-headed ogre
  9439 | D:10     | Found a staircase to the Orcish Mines.
  9485 | D:10     | Found an opulent altar of Gozag.
  9955 | D:9      | Found a basalt altar of Yredelemnul.
 10003 | Orc:1    | Entered Level 1 of the Orcish Mines
 10007 | Orc:1    | Noticed an orc sorcerer
 10028 | D:10     | Identified a scroll of acquirement
 10028 | D:10     | Acquired the +2 pair of gloves of Izeontorgh {rF+ rC+}
 10040 | Orc:1    | Noticed an orc knight
 10041 | Orc:1    | Noticed an orc knight
 10099 | D:10     | Killed an orc knight
 10202 | Orc:1    | Noticed a soul eater
 10204 | D:10     | Killed an orc sorcerer
 10392 | Orc:1    | Gained mutation: You have a tail ending in a sharp stinger.
                  | [demonic ancestry]
 10392 | Orc:1    | Reached XP level 12. HP: 88/98 MP: 10/10
 11199 | Orc:1    | Noticed Josephine
 11207 | Orc:1    | Killed Josephine
 11361 | Orc:1    | Found a roughly hewn altar of Beogh.
 12014 | Orc:2    | Entered Level 2 of the Orcish Mines
 12028 | Orc:1    | Reached ***** piety under Qazlal
 12042 | Orc:1    | Reached skill level 10 in Armour
 12063 | Orc:2    | Reached skill level 10 in Shields
 12072 | Orc:2    | Noticed an orc warlord
 12149 | Orc:1    | Mangled by an orc warlord

Illustrated notes

Levels and vault maps discovered:
D:1:      psy_arrival_fountain, layout_rooms, minmay_ruptured
D:2:      layout_rooms, dreamdust_ecumenical_altar_angels_and_demons,
          nicolae_underground_beach
D:3:      layout_rooms, minmay_fractal_squares_gapless_5
D:4:      layout_cave_pools, mainiacjoe_overflow_surrounded_room,
          enter_ossuary_5, uniq_natasha
D:5:      layout_cave_pools, minmay_temple_entry_crystal_x
D:6:      layout_layer_cave, gammafunk_temple_overflow_forgotten,
          mainiacjoe_overflow_cross_hatched,
          nicolae_uskayaw_murder_on_the_dancefloor, serial_shops, shop,
          columned_hall_lemuel, serial_bayou_pond_b
D:7:      layout_basic, cheibrodos_ashenzari_chains, serial_bayou,
          serial_bayou_pond_e, serial_bayou_shore_a, serial_bayou_lake_a,
          serial_bayou_ford_a, enter_bailey_3, uniq_joseph
D:8:      minmay_four_partial_circles, layout_cave_pods,
          nicolae_dithmenos_through_a_glass_darkly, amcnicky_altar_gilded
D:9:      layout_rooms, mainiacjoe_overflow_six_doors_small,
          lemuel_zombie_altar_yredelemnul, minivault_4
D:10:     layout_loops_ring, grunt_gozag_statues, orc_0_dummy,
          grunt_decor_one_mirror
D:11:     layout_roguey, lair_entry_dummy, uniq_nergalle, uniq_erica, uniq_urug,
          uniq_psyche
Temple:   eino_temple_lava
Orc:1:    layout_caves, basic_altar, lightli_orcish_oven, uniq_josephine
Orc:2:    grunt_orc_community_town_hall, layout_caves,
          grunt_orc_community_big_house_1, grunt_orc_community_big_house_1,
          grunt_orc_community_house_3, grunt_orc_community_house_3,
          grunt_orc_community_house_1, grunt_orc_community_house_1

Skill      XL: |  1  2  3  4  5  6  7  8  9 10 11 12 |
---------------+-------------------------------------+-----
Axes           | 2 3 4 5 6 8 9 |  9.8
Shields        | 3 4 5 6 7 8 9 10 | 10.0
Armour         | 3 4 5 6 7 8 9 10 | 10.0
Fighting       | 4 5 6 7 9 10 | 10.9

Action                     |  1- 3 |  4- 6 |  7- 9 | 10-12 || total
---------------------------+-------+-------+-------+-------++-------
  Melee: War axe           |    90 |   114 |    89 |       ||   293
         Tailslap          |       |     9 |    34 |    64 ||   107
         Executioner's axe |       |       |   152 |   412 ||   564
  Throw: Dart              |       |       |       |     5 ||     5
 Invoke: Upheaval          |       |       |       |     4 ||     4
         Disaster Area     |       |       |       |     1 ||     1
  Evoke: Wand              |       |       |       |     8 ||     8
    Use: Scroll            |     4 |     1 |     5 |     8 ||    18
         Potion            |     3 |     2 |     7 |     3 ||    15
 Armour: Scale mail        |    12 |       |       |       ||    12
         Chain mail        |    33 |       |       |       ||    33
         Plate armour      |    66 |   114 |   341 |   646 ||  1167
  Dodge: Dodged            |    40 |    30 |    78 |   170 ||   318
         Repelled          |       |       |       |    20 ||    20
  Block: Buckler           |    31 |    26 |    27 |       ||    84
         Other             |       |       |     3 |    98 ||   101

Table legend: (Time is in decaauts)
 A = Elapsed time spent in this place.
 B = Non-inter-level travel time spent in this place.
 C = Inter-level travel time spent in this place.
 D = Time resting spent in this place.
 E = Time spent auto-exploring this place.
 F = Levels seen in this place.
 G = Mean time per level.
                   A        B        C        D        E       F      G
               +--------+--------+--------+--------+--------+-----+--------+
         Total |  12592 |  12319 |    273 |   3239 |   5305 |  16 |  787.0 |
       Dungeon |   9905 |   9656 |    249 |   2398 |   4996 |  11 |  900.5 |
        Temple |     30 |     30 |      0 |      0 |      0 |   1 |   30.0 |
  Orcish Mines |   1731 |   1707 |     24 |    646 |    265 |   2 |  865.5 |
       Ossuary |    341 |    341 |      0 |      0 |      4 |   1 |  341.0 |
        Bailey |    583 |    583 |      0 |    195 |     40 |   1 |  583.0 |
               +--------+--------+--------+--------+--------+-----+--------+

Top non-repeatable levels by time:
     D:7: 1844 daAuts
   Orc:1: 1678 daAuts
    D:10: 1566 daAuts
     D:8: 1490 daAuts
     D:6: 965 daAuts
     D:9: 816 daAuts
     D:4: 797 daAuts
     D:1: 633 daAuts
     D:2: 619 daAuts
  Bailey: 583 daAuts
     D:3: 536 daAuts
     D:5: 521 daAuts
 Ossuary: 341 daAuts
    D:11: 116 daAuts
   Orc:2: 52 daAuts
